Map: Dusk Towers

Players

HeavyFresh - Winner!

  • Race: Protoss Protoss
  • League: Master

ApolloPrime

  • Race: Zerg Zerg
  • League: Master

VOD

Have the link to the VOD?

Description

Time

  • Played on: Dec. 29, 2015, 2:12 a.m.
  • Length: 10:02
Show
View Real Time Build Order
Export as new Build Order

HeavyFresh Protoss - Winner!

Build Orders: Nexus First 

Get SALT Encoding   

  12  0:02  Probe (Chrono Boost)  
  13  0:13  Probe (Chrono Boost)  
  14  0:17  Pylon  
  14  0:24  Probe (Chrono Boost)  
  15  0:36  Probe (Chrono Boost)  
  16  0:46  Probe (Chrono Boost)  
  17  1:01  Nexus  
  17  1:05  Probe (Chrono Boost)  
  18  1:14  Gateway  
  18  1:18  Probe (Chrono Boost)  
  19  1:29  Assimilator  
  19  1:31  Assimilator  
  19  1:35  Probe (Chrono Boost)  
  20  1:44  Gateway  
  20  1:48  Pylon  
  20  1:53  Probe (Chrono Boost)  
  15  2:18  Cybernetics Core  
  12  2:33  Probe x2 (Chrono Boost)  
  14  2:46  Probe (Chrono Boost)  
  15  2:57  Mothership Core (Chrono Boost)  
  17  3:02  Probe (Chrono Boost)  
  18  3:13  Probe (Chrono Boost)  
  18  3:15  Probe (Chrono Boost)  
  20  3:23  Probe (Chrono Boost)  
  20  3:26  Pylon  
  20  3:34  Adept  
  20  3:41  Probe (Chrono Boost)  
  23  3:53  Probe x2 (Chrono Boost)  
  25  3:58  Adept  
  27  4:03  Probe x2 (Chrono Boost)  
  27  4:09  Assimilator  
  29  4:14  Probe (Chrono Boost)  
  30  4:35  Warp Gate  
  30  4:36  Probe (Chrono Boost)  
  30  4:37  Adept  
  33  4:39  Probe (Chrono Boost)  
  34  4:47  Probe (Chrono Boost)  
  34  4:50  Probe (Chrono Boost)  
  36  4:54  Pylon  
  36  4:57  Twilight Council, Probe (Chrono Boost)  
  37  5:00  Probe (Chrono Boost)  
  38  5:08  Probe (Chrono Boost), Adept  
  38  5:12  Probe (Chrono Boost)  
  42  5:18  Probe (Chrono Boost)  
  43  5:23  Probe (Chrono Boost)  
  43  5:24  Robotics Facility  
  43  5:27  Assimilator  
  44  5:29  Probe (Chrono Boost)  
  44  5:33  Probe (Chrono Boost)  
  46  5:39  Probe (Chrono Boost)  
  47  5:53  Resonating Glaives (Chrono Boost)  
  43  6:11  Warp Prism (Chrono Boost)  
  41  6:13  Gateway  
  41  6:16  Gateway  
  43  6:20  Gateway  
  43  6:21  Gateway  
  43  6:22  Gateway  
  43  6:23  Gateway  
  43  6:37  Pylon  
  43  6:38  Pylon  
  43  6:39  Pylon  
  43  6:43  Pylon  
  43  7:08  Adept  
  43  7:09  Adept x2  
  49  7:26  Adept x5  
  57  7:43  Adept x3  
  61  7:54  Adept  
  61  7:55  Adept x4  
  65  8:11  Immortal  
  55  8:28  Stalker  
  55  8:29  Stalker x7  
  61  8:49  Immortal (Chrono Boost)  
  61  8:51  Assimilator  
  61  8:53  Pylon  
  65  8:58  Stalker x2  
  65  8:59  Zealot x4  
  65  9:00  Zealot  
  79  9:11  Stalker  
  79  9:15  Pylon  
  81  9:20  Warp Prism  
  77  9:46  Stalker x3  
  77  9:47  Stalker x4  
Show
View Real Time Build Order
Export as new Build Order

ApolloPrime Zerg 

Build Orders: Pool First 

Get SALT Encoding   

  12  0:17  Spawning Pool  
  11  0:22  Drone  
  11  0:27  Drone  
  13  0:31  Drone  
  14  0:40  Overlord  
  14  1:04  Queen  
  14  1:05  Zergling x6  
  19  1:16  Zergling x2  
  20  1:29  Zergling x2  
  21  1:42  Zergling x2  
  21  2:14  Zergling x6  
  21  2:29  Zergling x2  
  21  2:39  Drone  
  22  2:46  Hatchery  
  21  2:54  Overlord  
  21  2:55  Zergling x2  
  21  2:57  Hatchery  
  21  3:00  Zergling x2  
  22  3:20  Zergling x6  
  22  3:38  Drone x2  
  22  3:40  Drone  
  23  3:50  Drone x2  
  23  3:51  Drone  
  25  3:58  Drone  
  26  4:03  Queen  
  26  4:05  Drone  
  26  4:08  Drone x3  
  26  4:09  Drone x2  
  34  4:16  Drone  
  34  4:19  Drone  
  35  4:24  Drone  
  35  4:27  Drone  
  35  4:30  Queen  
  37  4:35  Drone x2  
  37  4:37  Extractor  
  37  4:38  Drone  
  37  4:41  Drone x2  
  37  4:42  Drone  
  37  4:43  Drone  
  42  4:45  Overlord  
  42  4:47  Overlord  
  42  5:00  Extractor  
  42  5:02  Extractor, Queen  
  42  5:03  Roach Warren, Queen  
  43  5:12  Drone  
  43  5:13  Drone x6  
  50  5:15  Drone  
  50  5:17  Zergling x2  
  52  5:24  Zergling x6  
  52  5:25  Zergling x2  
  52  5:28  Zergling x4  
  55  5:54  Drone  
  55  5:55  Drone  
  55  5:56  Drone  
  54  6:07  Drone x2  
  54  6:08  Drone  
  57  6:19  Spore Crawler  
  57  6:21  Spore Crawler  
  57  6:22  Spore Crawler  
  57  6:25  Drone  
  55  6:28  Drone x2  
  55  6:30  Overlord  
  55  6:31  Overlord x3  
  57  6:46  Lair  
  57  6:49  Roach  
  57  6:50  Roach x7  
  57  6:52  Drone  
  74  6:55  Drone x2  
  74  6:56  Drone x4  
  80  7:09  Drone x5  
  80  7:15  Evolution Chamber  
  84  7:16  Drone  
  84  7:17  Drone x3  
  84  7:18  Drone  
  84  7:21  Drone, Extractor  
  89  7:32  Roach  
  82  7:52  Roach  
  82  7:53  Roach x3  
  90  8:04  Roach  
  90  8:05  Roach x2  
  88  8:12  Roach x5  
  76  8:17  Roach x4  
  76  8:18  Roach x2  
  74  8:36  Roach  
  74  8:37  Roach x2  
  74  8:42  Drone x3  
  75  8:54  Drone x3  
  78  8:56  Drone  
  78  8:59  Drone  
  80  9:08  Drone x3  
  80  9:09  Drone x2  
  85  9:16  Drone  
  87  9:17  Drone x3  
  87  9:18  Drone  
  90  9:26  Overlord  
  90  9:27  Overlord  
  90  9:30  Overlord x2  
Tags
 
Add a new tag
Caveats
  • Supply blocks, unpowered buildings, or Contaminate may cause inaccurate times.
  • Supply counts are checked every 10 seconds.